 Dungeon Crawl Stone Soup version 0.27-a0-1434-g6f15984924 (webtiles) character file.

Game seed: 2606617141529245832

4599 Rassilon the Fighter (level 10, -2/68 HPs)
             Began as a Gargoyle Fighter on July 4, 2021.
             Slain by Snorg (21 damage)
             ... on level 9 of the Dungeon.
             The game lasted 00:23:59 (11544 turns).

Rassilon the Fighter (Gargoyle Fighter)            Turns: 11544, Time: 00:24:00

Health: -2/68      AC: 18    Str: 22 (23) XL:     10   Next: 41%
Magic:  10/10      EV:  3    Int:  8 (9)  God:
Gold:   541        SH: 17    Dex:  7 (9)  Spells: 9/9 levels left

rFire    . . .     SeeInvis .   r - +1 flail (vorpal)
rCold    . . .     Faith    .   y - +0 tower shield
rNeg     + . .     Spirit   .   d - +0 plate armour
rPois    ∞         Reflect  .   (helmet restricted)
rElec    +         Harm     .   (no cloak)
rCorr    .         Rampage  .   (no gloves)
Will     .....                  (no boots)
Stlth    ..........             (no amulet)
HPRegen  0.21/turn              h - ring of flight
MPRegen  0.12/turn              (no ring)

@: flying
A: sickness immunity, AC +7, negative energy resistance 1, electricity
resistance, torment resistance 1, petrification resistance, horns 1
a: no special abilities


You were on level 9 of the Dungeon.
You visited 1 branch of the dungeon, and saw 10 of its levels.

You collected 541 gold pieces.

Inventory:

Hand Weapons
 r - a +1 vorpal flail (weapon)
Missiles
 a - 4 atropa-tipped darts (quivered)
 w - a curare-tipped dart
 C - 47 poisoned darts
Armour
 d - a +0 plate armour (worn)
 y - a +0 tower shield (worn)
Jewellery
 b - a ring of willpower
 e - a ring of ice
 g - a +4 ring of slaying
 h - a ring of flight (left hand)
 v - a ring of resist corrosion
Wands
 l - a wand of mindburst (12)
 x - a wand of digging (13)
Scrolls
 c - a scroll of fear {unknown}
 i - a scroll of summoning {unknown}
 j - 2 scrolls of magic mapping {unknown}
 k - a scroll of fog {unknown}
 m - 2 scrolls of enchant armour {unknown}
 n - 9 scrolls of identify {unknown}
 o - a scroll of immolation {unknown}
 p - 2 scrolls of noise {unknown}
 t - 4 scrolls of teleportation {unknown}
 z - 3 scrolls of holy word {unknown}
 A - a scroll of amnesia {unknown}
Potions
 f - 3 potions of flight
 q - 2 potions of brilliance


   Skills:
 + Level 10.0 Fighting
 + Level 8.9 Maces & Flails
 - Level 3.5 Armour
 + Level 10.0 Shields


You had 9 spell levels left.
You didn't know any spells.
Your spell library contained the following spells:

 Spells                   Type           Power      Damage    Failure   Level
 Magic Dart               Conj           0%         1d3       100%        1
 Shock                    Conj/Air       0%         1d3       100%        1
 Summon Small Mammal      Summ           0%         N/A       100%        1
 Call Imp                 Summ           0%         N/A       100%        2
 Passwall                 Tmut/Erth      0%         N/A       100%        2
 Poisonous Vapours        Pois/Air       0%         N/A       100%        2
 Static Discharge         Conj/Air       0%         N/A       100%        2
 Call Canine Familiar     Summ           0%         N/A       100%        3
 Dazzling Flash           Conj/Hex       0%         N/A       100%        3
 Gell's Gravitas          Tloc           0%         N/A       100%        3
 Ignite Poison            Fire/Tmut/Pois 0%         N/A       100%        3
 Lesser Beckoning         Tloc           0%         N/A       100%        3
 Mephitic Cloud           Conj/Pois/Air  0%         N/A       100%        3
 Summon Guardian Golem    Hex/Summ       0%         N/A       100%        3
 Swiftness                Air            0%         N/A       100%        3
 Teleport Other           Tloc           0%         N/A       100%        3
 Airstrike                Air            0%         N/A       100%        4
 Agony                    Necr           0%         N/A       100%        5
 Bolt of Magma            Conj/Fire/Erth 0%         4d4       100%        5
 Freezing Cloud           Conj/Ice/Air   0%         6-21      100%        5
 Lightning Bolt           Conj/Air       0%         1d11      100%        5
 Silence                  Hex/Air        0%         N/A       100%        5
 Invisibility             Hex            0%         N/A       100%        6
 Maxwell's Capacitive Co  Air            0%         ∞         100%        8


Dungeon Overview and Level Annotations

Branches:
Dungeon (10/15)            Temple (0/1) D:6
   Lair: D:8-11         Orc: D:9-12

Altars:
Cheibriados
Trog
Uskayaw
Wu Jian
Zin

Shops:
D:2 :   D:5 :

Annotations:
D:9 Snorg
D:10 Erica


Innate Abilities, Weirdness & Mutations

You are immune to sickness and miasma.
Your stone body is resilient. (AC +7)
You are immune to poison.
You resist negative energy. (rN+)
You are resistant to electric shocks. (rElec)
You are resistant to unholy torment.
You are immune to petrification.
You have a pair of small horns on your head.


Message History

Done exploring.
Done exploring.
Things that are here:
a +0 club; a +0 scale mail You see here a +0 club.
There is a stone staircase leading down here.
You fly downwards.
You hear the roar of battle.
There is an entrance to a bailey on this level.
Hurry and find it before the portal closes forever!
Snorg the Insatiable comes into view.
Snorg shouts!
Found 31 stones.
There is a stone staircase leading up here.
Okay, then.
You block Snorg's attack. x2; Snorg claws you.
You closely miss Snorg. You headbutt Snorg.
Snorg is lightly wounded.
Snorg goes berserk!
Erica the Fiery-Tempered comes into view.
She is wielding a +2 scimitar of flaming.
Erica shouts!
You sock Snorg!
Snorg is lightly wounded.
Snorg completely misses you. Snorg claws you. You block Snorg's attack.
Snorg barely misses you. Snorg claws you! You block Snorg's attack.
You hit Snorg.
Snorg is lightly wounded.
Snorg bites you! Snorg claws you but does no damage. Snorg claws you!
Snorg bites you! You block Snorg's attack. x2
You block Snorg's attack. Snorg claws you but does no damage. Snorg claws you.
There is a stone staircase leading up here.
Snorg bites you.
* * * LOW HITPOINT WARNING * * *
You block Snorg's attack. x2
You fly upwards.
There is a stone staircase leading down here.
You hit Snorg.
Snorg is lightly wounded.
You block Snorg's attack. Snorg claws you but does no damage.
You block Snorg's attack. Snorg bites you!!
You die...

.# #.# #..# #...#
#. .# #.# #..#
#)).# #. .# #.#
#..# #...# #. .#
#.# #..# #...# #.
.# #.# #..# #...#
#. .# #.# #..#
#...# #. .# #.#
#..# #...# #. .#
#.#########..#
#...# #. .#
#........@...#
#...######. .#
#.....).T....#
#.......... .#
#..#######...#
#.......... .#
#..#
#...###..........
.#######..#
#................
..........#
#................
..........#
#.......#...#)#..
..........#
#........#.#...#.
..........#
#.....#...#..().#


You could see Snorg (berserk).

Vanquished Creatures
  2 kobold demonologists (D:8)
  A hornet (D:8)
  6 yaks (D:9)
  A wyvern (D:6)
  3 orc warriors
  3 black bears
  2 sky beasts
  An ice beast (D:6)
  2 centaurs
  A phantom (D:7)
  5 kobold brigands
  4 bullfrogs
  5 wights (D:6)
  A howler monkey (D:9)
  A centaur zombie (D:7)
  A centaur skeleton (D:6)
  A bullfrog zombie (D:6)
  4 orc priests
  3 hounds
  3 iguanas
  3 orc wizards
  A killer bee zombie (D:7)
  2 hound skeletons
  A mummy (D:4)
  A howler monkey zombie (D:5)
  10 gnolls
  12 adders
  5 white imps
  2 ufetubi
  3 worms (D:2)
  A dart slug (D:2)
  19 orcs
  10 ball pythons
  6 bats
  5 endoplasms
  5 giant cockroaches
  5 goblins
  9 hobgoblins
  14 jackals
  6 quokkas
  4 frilled lizards
  37 kobolds
  10 rats
221 creatures vanquished.

Vanquished Creatures (others)
  2 kobolds (D:8)
2 creatures vanquished.

Grand Total: 223 creatures vanquished

Notes
Turn   | Place    | Note
-------+----------+-------------------------------------------
     0 | D:1      | Rassilon the Gargoyle Fighter began the quest for the Orb.
     0 | D:1      | Reached XP level 1. HP: 14/14 MP: 1/1
     1 | D:1      | Found a runed translucent door.
   141 | D:1      | Reached XP level 2. HP: 12/19 MP: 2/2
   777 | D:1      | Reached XP level 3. HP: 22/24 MP: 3/3
  1580 | D:2      | Reached XP level 4. HP: 28/29 MP: 4/4
  1922 | D:2      | Found a faded altar of an unknown god.
  2144 | D:2      | Found Walas's Book Emporium.
  2886 | D:3      | Reached XP level 5. HP: 27/34 MP: 5/5
  3208 | D:3      | Found an ornate altar of the Wu Jian Council.
  4012 | D:4      | Reached skill level 5 in Fighting
  4012 | D:4      | Reached skill level 5 in Shields
  4012 | D:4      | Reached XP level 6. HP: 14/40 MP: 6/6
  4379 | D:4      | Found a hide-covered altar of Uskayaw.
  4382 | D:4      | Noticed a +0 dagger
  4383 | D:4      | Noticed a +0 dagger
  4622 | D:4      | Found a snail-covered altar of Cheibriados.
  5317 | D:5      | Entered Level 5 of the Dungeon
  5330 | D:5      | Found a glowing silver altar of Zin.
  5639 | D:5      | Found Cuostrok's Book Shop.
  5701 | D:6      | Reached XP level 7. HP: 44/44 MP: 7/7
  5886 | D:6      | Noticed a wyvern
  5901 | D:6      | Killed a wyvern
  6125 | D:6      | Reached skill level 5 in Maces & Flails
  6146 | D:6      | Reached XP level 8. HP: 48/52 MP: 8/8
  6190 | D:6      | Found a staircase to the Ecumenical Temple.
  7859 | D:7      | Reached XP level 9. HP: 6/59 MP: 9/9
  8917 | D:8      | Noticed a hornet
  8918 | D:8      | Found a bloodstained altar of Trog.
  8937 | D:8      | Killed a hornet
 10142 | D:9      | Noticed a kobold demonologist
 10146 | D:9      | Gained mutation: You have a pair of small horns on your
                  | head. [potion of mutation]
 10146 | D:9      | Gained mutation: You possess an exceptional clarity of
                  | mind. [potion of mutation]
 10146 | D:9      | Lost mutation: You possess an exceptional clarity of mind.
                  | [potion of mutation]
 10149 | D:9      | Noticed a kobold demonologist
 10153 | D:9      | Noticed a rust devil
 10157 | D:9      | Noticed an orange demon
 10161 | D:9      | Noticed an orange demon
 10416 | D:8      | Noticed an ice devil
 10419 | D:8      | Killed a kobold demonologist
 10568 | D:9      | Noticed a sun demon
 10576 | D:8      | Noticed a rust devil
 10577 | D:8      | Killed a kobold demonologist
 10578 | D:8      | Reached XP level 10. HP: 66/66 MP: 10/10
 11149 | D:9      | Reached skill level 10 in Fighting
 11149 | D:9      | Reached skill level 10 in Shields
 11534 | D:10     | Entered Level 10 of the Dungeon
 11534 | D:10     | Noticed Snorg
 11537 | D:10     | Noticed Erica
 11544 | D:9      | Slain by Snorg

Illustrated notes

Levels and vault maps discovered:
D:1:      dpeg_arrival_caged_fury, layout_loops_ring
D:2:      kb_forest_paths, layout_basic, serial_shops, shop_fountains,
          basic_ecumenical_altar
D:3:      layout_basic, lemuel_doored_altar, serial_curves, eino_curves_04,
          eino_curves_03
D:4:      layout_basic, dancing_weapons_uskayaw, slow_altar_1
D:5:      layout_rooms, zin_academy, serial_shops, shop
D:6:      layout_loops_ring, minmay_temple_entry_glass
D:7:      layout_loops_corners, kennysheep_boxes
D:8:      layout_basic, trog_ov_bears_minmay, nicolae_two_hexagons,
          hangedman_abyss_or_decor_clamps
D:9:      layout_long_grid, minmay_splitting_lines
D:10:     layout_basic, marbit_many_paths, david_lair_shrubbed, enter_bailey_3,
          uniq_snorg, uniq_erica

Skill      XL: |  1  2  3  4  5  6  7  8  9 10 |
---------------+-------------------------------+-----
Fighting       | 4 5 6 7 9 10 | 10.0
Shields        | 4 5 6 7 9 10 | 10.0
Maces & Flails | 3 4 5 6 8 |  8.9
Armour         | |  3.5

Action                   |  1- 3 |  4- 6 |  7- 9 | 10-12 || total
-------------------------+-------+-------+-------+-------++-------
Melee: Flail             |   149 |   352 |   411 |    87 ||   999
       Headbutt          |       |       |     3 |    18 ||    21
Throw: Dart              |       |       |    27 |       ||    27
       Throwing net      |       |       |     2 |       ||     2
  Use: Potion            |       |       |    14 |       ||    14
       Scroll            |       |       |     1 |       ||     1
Armor: Scale mail        |    90 |   188 |    87 |       ||   365
       Skin              |       |       |     3 |       ||     3
       Plate armour      |       |       |   153 |    30 ||   183
Dodge: Dodged            |    63 |   102 |    64 |     7 ||   236
Block: Kite shield       |    86 |   185 |       |       ||   271
       Tower shield      |       |       |   448 |    60 ||   508

Table legend: (Time is in decaauts)
 A = Elapsed time spent in this place.
 B = Non-inter-level travel time spent in this place.
 C = Inter-level travel time spent in this place.
 D = Time resting spent in this place.
 E = Time spent auto-exploring this place.
 F = Levels seen in this place.
 G = Mean time per level.
                   A        B        C        D        E       F      G
               +--------+--------+--------+--------+--------+-----+--------+
         Total |  11985 |  11745 |    240 |   3061 |   5930 |  10 | 1198.5 |
       Dungeon |  11985 |  11745 |    240 |   3061 |   5930 |  10 | 1198.5 |
               +--------+--------+--------+--------+--------+-----+--------+

Top non-repeatable levels by time:
     D:7: 1724 daAuts
     D:8: 1687 daAuts
     D:4: 1645 daAuts
     D:2: 1603 daAuts
     D:6: 1339 daAuts
     D:1: 1316 daAuts
     D:9: 1311 daAuts
     D:3: 974 daAuts
     D:5: 374 daAuts
    D:10: 9 daAuts
